 Dungeon Sprint DCSS version 0.28-a0-1236-gb25a51b929 (webtiles) character file.

Game seed: 13855563668141266897

8 rocky1 the Chopper (level 2, -1/28 HPs)
             Began as a Minotaur Gladiator on Dec 26, 2021.
             Was an Initiate of Okawaru.
             Slain by a naga (11 damage)
             ... in the Dungeon (Sprint V: "Ziggurat Sprint").
             The game lasted 00:02:24 (106 turns).

rocky1 the Chopper (Minotaur Gladiator)              Turns: 106, Time: 00:02:25

Health: -1/28      AC: 16    Str: 18    XL:     2   Next: 0%
Magic:  1/1        EV:  3    Int:  5    God:    Okawaru [......]
Gold:   0          SH:  0    Dex: 11    Spells: 1/1 levels left

rFire   . . .      SeeInvis .   b - +5 battleaxe
rCold   . . .      Faith    .   (shield currently unavailable)
rNeg    . . .      Spirit   .   w - +5 plate armour
rPois   .          Reflect  .   c - +0 hat
rElec   .          Harm     .   (no cloak)
rCorr   .          Rampage  .   (no gloves)
Will    .....      NoTele   +   (no boots)
Stlth   ..........              (no amulet)
HPRegen 0.09/turn               (no ring)
MPRegen 0.07/turn               (no ring)

@: lethally poisoned (-1 -> -3), constricted
A: horns 2, retaliatory headbutt
a: Renounce Religion


You were in the Dungeon.
You worshipped Okawaru.
Okawaru was noncommittal.
You visited 1 branch

Inventory:

Hand Weapons
 a - a +5 arbalest
 b - a +5 battleaxe (weapon)
 y - a +5 executioner's axe
 z - a +0 war axe
 A - a +5 hand crossbow
 B - a +5 triple crossbow
 N - the +8 lance "Wyrmbane" {slay drac, rPois rF+ rC+ AC+3}
   (You found it in the Dungeon)

   It inflicts extra damage against dragons and draconians.
   AC:        It affects your AC (+3).
   rF:        It protects you from fire.
   rC:        It protects you from cold.
   rPois:     It protects you from poison.
Missiles
 d - 3 throwing nets (quivered)
 C - 999 bolts
Armour
 c - a +0 hat (worn)
 u - a +5 crystal plate armour
 v - +5 gold dragon scales
 w - a +5 plate armour (worn)
 x - a +0 leather armour
Jewellery
 D - a ring of flight
 E - a +6 ring of dexterity
 F - a +6 ring of dexterity
 G - a +6 ring of intelligence
 H - a +6 ring of intelligence
 I - a +6 ring of strength
 J - a +6 ring of strength
Wands
 K - a wand of mindburst (7)
 L - a wand of iceblast (7)
 M - a wand of acid (7)
Scrolls
 j - 4 scrolls of blinking
 p - 4 scrolls of amnesia
 q - 7 scrolls of fog
 r - a scroll of holy word
 s - 5 scrolls of identify
 t - 2 scrolls of fear
Potions
 e - 10 potions of curing
 f - 10 potions of heal wounds
 g - 6 potions of haste
 h - 7 potions of magic
 i - 3 potions of berserk rage
 k - 2 potions of brilliance
 l - 2 potions of invisibility
 m - 4 potions of resistance
 o - 5 potions of might
Miscellaneous
 n - a lightning rod (4/4)


   Skills:
 - Level 4.5 Fighting
 + Level 5.3 Axes
 + Level 3.3 Crossbows
 - Level 2.0 Throwing
 - Level 3.7 Armour
 - Level 4.9 Dodging


You had one spell level left.
You didn't know any spells.
Your spell library was empty.

Dungeon Overview and Level Annotations

Branches:
Dungeon (1/1)

Altars:
Ashenzari
Cheibriados
Dithmenos
Elyvilon
Fedhas
Gozag
Hepliaklqana
Kikubaaqudgha
Makhleb
Nemelex Xobeh
Okawaru
Qazlal
Ru
Sif Muna
Trog
Uskayaw
Vehumet
Wu Jian
Xom
Yredelemnul
Zin
The Shining One
Beogh
Jiyva
Lugonu

Annotations:
D 1 transporter


Innate Abilities, Weirdness & Mutations

You have a pair of horns on your head.
You reflexively headbutt those who attack you in melee.


Message History

You feel more experienced!
Your Fighting skill gained 2 levels and is now at level 4!
Your Axes skill gained 2 levels and is now at level 5!
Your Crossbows skill gained 3 levels and is now at level 3!
Your Armour skill gained 3 levels and is now at level 3!
Your Dodging skill increases to level 4!
You have reached level 2!
You see here a lightning rod (4/4).
n - a lightning rod (4/4)
There is an iron altar of Okawaru here.
You kneel at the altar of Okawaru.
Okawaru welcomes you!
There is a transporter here.
Welcome to arena 1.
You enter the transporter and appear at another place.
An adder and a naga come into view.
The adder hisses angrily.
The naga shouts!
Found a +0 whip of venom and a +1 vorpal great mace.
Found a transporter.
Unknown command.
You shoot a bolt. The bolt hits the naga.
The naga is lightly wounded.
The adder bites you.
You are poisoned.
The adder poisons you! The adder bites you but does no damage.
b - a +5 battleaxe (weapon)
You feel sick.
You hit the naga. Your headbutt misses the naga.
The naga is moderately wounded.
You slash the adder!
You feel sick. The adder closely misses you.
The naga hits you with a +0 morningstar!
The naga completely misses you. The adder bites you but does no damage.
The naga barely misses you. The naga grabs you. The naga constricts you.
Unknown command.
You hit the adder.
You kill the adder!
Okawaru accepts your kill.
You hit the naga.
You feel sick.
The naga hits you with a +0 morningstar!
You die...

▓▓▓▓▓▓▓
▓.8©8.▓
▓.....▓
▓.).).▓
▓...(.▓
▓..†N.▓
▓..@..▓
▓▓▓▓▓▓▓


You could see a naga.

Vanquished Creatures
  An adder (D)
1 creature vanquished.

Notes
Turn   | Place    | Note
-------+----------+-------------------------------------------
     0 | D        | rocky1 the Minotaur Gladiator began the quest for the Orb.
     0 | D        | Reached XP level 1. HP: 18/18 MP: 0/0
     5 | D        | Found a bloodstained altar of Trog.
     5 | D        | Found a shimmering blue altar of Sif Muna.
     5 | D        | Found a sacrificial altar of Ru.
     5 | D        | Found a stormy altar of Qazlal.
     5 | D        | Found an iron altar of Okawaru.
     8 | D        | Found a sparkling altar of Nemelex Xobeh.
     8 | D        | Found the +6 Majin-Bo {vamp, MP+6 Int+6}
     8 | D        | Found the +9 heavy crossbow "Sniper" {vorpal, Acc+∞ SInv}
     8 | D        | Found the +10 dark maul {vorpal}
     8 | D        | Found the +15 Maxwell's patent armour {-Cast -Tele rElec
                  | Will+ rCorr}
     8 | D        | Found the +18 shield of the Gong {rElec rN+ Will+ EV-5}
     8 | D        | Found the +14 obsidian axe {vorpal, Mesm Drain Fly SInv}
     8 | D        | Found the +7 great mace "Firestarter" {inner flame, rF++}
     8 | D        | Found the +6 shillelagh "Devastator" {shatter}
     8 | D        | Found the +11 plutonium sword {Contam Stlth-}
     8 | D        | Found the +8 lance "Wyrmbane" {slay drac, rPois rF+ rC+
                  | AC+3}
     8 | D        | Found the +9 sword of Zonguldrok {reap}
     8 | D        | Found the +13 scythe of Curses {drain, Drain}
     8 | D        | Found the +5 sword of Power {vorpal}
     8 | D        | Found the +7 mace of Variability {chain chaos}
     8 | D        | Found the +7 Singing Sword {vorpal, sonic wave}
     8 | D        | Found the +8 storm bow {elec, penet}
     9 | D        | Found a blossoming altar of Fedhas.
    11 | D        | Found a transporter.
    11 | D        | Found an ancient bone altar of Kikubaaqudgha.
    11 | D        | Found a viscous altar of Jiyva.
    11 | D        | Found a corrupted altar of Lugonu.
    11 | D        | Found a hazy altar of Hepliaklqana.
    11 | D        | Found a burning altar of Makhleb.
    11 | D        | Found an opulent altar of Gozag.
    69 | D        | Reached skill level 5 in Axes
    69 | D        | Reached XP level 2. HP: 28/28 MP: 1/1
    91 | D        | Became a worshipper of Warmaster Okawaru
   102 | D        | Entered arena 2.
   102 | D        | Noticed a naga
   102 | D        | Found a transporter.
   106 | D        | Slain by a naga

Illustrated notes

Levels and vault maps discovered:
D:        sprint_v [room_start, room_1, room_2, room_3, room_4, room_5, room_6,
          room_7, room_8, room_9, room_10, room_11, room_12, room_13, room_14,
          room_15, room_16, room_17, room_18, room_19, room_20, room_21,
          room_22, room_23, room_24, room_25, room_26, room_27]

Skill      XL: |  1 |
---------------+----+-----
Fighting       | 4 |  4.5
Axes           | 5 |  5.3
Crossbows      | 3 |  3.3
Armour         | 3 |  3.7
Dodging        | 4 |  4.9
Throwing       | |  2.0

Action                   || total
-------------------------++-------
Melee: Battleaxe         ||     2
 Fire: Arbalest          ||     1
  Use: Potion            ||     1
Armor: Plate armour      ||     2
Dodge: Dodged            ||     3

Table legend: (Time is in decaauts)
 A = Elapsed time spent in this place.
 B = Non-inter-level travel time spent in this place.
 C = Inter-level travel time spent in this place.
 D = Time resting spent in this place.
 E = Time spent auto-exploring this place.
 F = Levels seen in this place.
 G = Mean time per level.
                   A        B        C        D        E       F      G
               +--------+--------+--------+--------+--------+-----+--------+
         Total |    105 |    105 |      0 |      0 |      0 |   1 |  105.0 |
       Dungeon |    105 |    105 |      0 |      0 |      0 |   1 |  105.0 |
               +--------+--------+--------+--------+--------+-----+--------+

Top non-repeatable levels by time:
       D: 105 daAuts
